 Dungeon Crawl Stone Soup version 0.20.1-1-g8b1a95d (webtiles) character file.

152 TheGuigne the Changer (level 5, -11/33 HPs)
             Began as an Octopode Transmuter on Aug 11, 2017.
             Mangled by an orc
             ... wielding a +1 war axe of electrocution
              (20 damage)
             ... on level 3 of the Dungeon.
             The game lasted 00:05:26 (2225 turns).

TheGuigne the Changer (Octopode Transmuter)         Turns: 2225, Time: 00:05:27

Health: -11/33     AC:  1    Str:  9    XL:     5   Next: 34%
Magic:  9/9        EV: 14    Int: 16    God:
Gold:   38         SH:  0    Dex: 13    Spells: 5/9 levels left

rFire    . . .     SeeInvis .   e - +1 dagger (speed)
rCold    . . .     Gourm    .   (no shield)
rNeg     . . .     Faith    .   (helmet restricted)
rPois    .         Spirit   .   (no amulet)
rElec    .         Reflect  .   (no ring)
rCorr    .         Harm     .   (no ring)
MR       .....                  (no ring)
Stlth    ++........             (no ring)
Regen    0.2/turn               (no ring)
MPRegen  0.2/turn               (no ring)
                                (no ring)
                                (no ring)

@: no status effects
A: almost no armour, stealthy swim, amphibious, 8 rings, constrict 8, camouflage
1, gelatinous body 1
a: no special abilities


You were on level 3 of the Dungeon.
You were not hungry.

You visited 1 branch of the dungeon, and saw 3 of its levels.

You collected 38 gold pieces.

Inventory:

Hand Weapons
 e - a +1 dagger of speed (weapon)
Missiles
 a - 26 arrows
Scrolls
 f - a scroll of teleportation {unknown}
 h - 2 scrolls of remove curse {unknown}
 k - a scroll of identify {unknown}
 o - a scroll of fog {unknown}
 p - a scroll of noise {unknown}
Potions
 g - a potion of invisibility {unknown}
 i - a potion of haste {unknown}
 l - a potion of cancellation {unknown}
 n - 3 potions of curing {unknown}
Books
 b - a book of Changes

   Spells                             Type                      Level
   a - Beastly Appendage              Transmutation                1
   b - Sticks to Snakes               Transmutation                2
   c - Spider Form                    Transmutation/Poison         3
   d - Ice Form                       Ice/Transmutation            4
   e - Blade Hands                    Transmutation                5
Comestibles
 c - 2 bread rations
 d - a meat ration
 j - a royal jelly


   Skills:
 - Level 1.0 Fighting
 - Level 2.7 Dodging
 - Level 3.0 Unarmed Combat
 - Level 2.6 Spellcasting
 * Level 3.8 Transmutations
 * Level 2.6 Poison Magic


You had 5 spell levels left.
You knew the following spells:

 Your Spells              Type           Power        Failure   Level  Hunger
a - Beastly Appendage     Tmut           ##....       4%          1    #......
b - Spider Form           Tmut/Pois      ##........   16%         3    ###....


Dungeon Overview and Level Annotations

Branches:
Dungeon (3/15)

Altars:


Innate Abilities, Weirdness & Mutations

You cannot wear most types of armour.
You are very stealthy in the water. (Stealth+)
You are amphibious.
You can wear up to eight rings at the same time.
You can use your tentacles to constrict eight enemies at once.
Your skin changes colour to match your surroundings (Stealth+).
Your rubbery body absorbs attacks. (AC +1, EV +1)


Message History

The orc is lightly wounded.
You constrict the orc, but do no damage.
You barely miss the orc.
The orc is lightly wounded.
You constrict the orc. The orc closely misses you.
You hit the orc but do no damage. You squeeze the orc, but do no damage.
The orc is moderately wounded.
You constrict the orc. You hit the orc but do no damage.
The orc is heavily wounded.
You constrict the orc. The orc closely misses you.
You hit the orc but do no damage.
The orc is heavily wounded.
You constrict the orc, but do no damage.
You hit the orc.
The orc is almost dead.
You constrict the orc, but do no damage.
The orc hits you but does no damage.
You are electrocuted!
Ouch! That really hurt!
You die...

......<...##..#
#.#.########..### ..#.##
#####....########
#....###.....##........#
..........######.......#
........#### #.......#
.....##....# ##....)..#
.....#####...##........#
.....# #.##.@......#
.....# #<##o########
...... #...g# ....#
#.......# ...%..#...#
...........#
##....#.#...#
........##..# ##... .##
###


You could see an orc and a hobgoblin.

Vanquished Creatures
  Jessica (D:2)
  4 gnolls (D:2)
  2 adders (D:2)
  An ooze (D:1)
  A worm (D:2)
  2 dart slugs (D:1)
  3 leopard geckos (D:2)
  2 bats
  6 giant cockroaches
  5 hobgoblins
  3 quokkas (D:2)
  A ball python (D:3)
  11 frilled lizards
  7 goblins
  5 kobolds (D:1)
  6 rats
60 creatures vanquished.

Notes
Turn   | Place    | Note
-------+----------+-------------------------------------------
     0 | D:1      | TheGuigne the Octopode Transmuter began the quest for the Orb.
     0 | D:1      | Reached XP level 1. HP: 13/13 MP: 3/3
    59 | D:1      | Reached XP level 2. HP: 12/18 MP: 5/5
   484 | D:1      | Reached XP level 3. HP: 23/23 MP: 7/7
   494 | D:1      | Learned a level 3 spell: Spider Form
  1212 | D:2      | Reached XP level 4. HP: 28/28 MP: 8/8
  1329 | D:2      | Reached skill level 1 in Poison Magic
  1710 | D:2      | Noticed Jessica
  1715 | D:2      | Killed Jessica
  1715 | D:2      | Reached XP level 5. HP: 33/33 MP: 9/9
  2225 | D:3      | Mangled by an orc

Skill      XL: |  1  2  3  4 |
---------------+-------------+-----
Transmutations | 3 |  3.8
Poison Magic   | 2 |  2.6
Fighting       | |  1.0
Dodging        | |  2.7
Unarmed Combat | |  3.0
Spellcasting   | |  2.6

Action                   |  1- 3 |  4- 6 || total
-------------------------+-------+-------++-------
Melee: Unarmed           |    28 |       ||    28
       Constrict         |    24 |    15 ||    39
       Tentacles         |    10 |    16 ||    26
       Punch             |     3 |     2 ||     5
       Dagger            |    65 |    74 ||   139
       Kick              |       |     2 ||     2
 Cast: Beastly Appendage |       |     1 ||     1
 Stab: Sleeping          |     3 |     1 ||     4
  Eat: Chunk             |     1 |     3 ||     4
Armor: Skin              |     6 |     2 ||     8
Dodge: Dodged            |    53 |    31 ||    84
